 Dungeon Crawl Stone Soup version 0.29-a0-344-ge2f44be95a (webtiles) character file.

Game seed: 158735923189231814

9 Morbidden the Skirmisher (level 2, 0/24 HPs)
             Began as a Demonspawn Fighter on Apr 20, 2022.
             Slain by a goblin
             ... wielding a +4 dagger
              (3 damage)
             ... on level 1 of the Dungeon.
             The game lasted 00:00:19 (380 turns).

Morbidden the Skirmisher (Demonspawn Fighter)        Turns: 380, Time: 00:00:19

Health: 0/24       AC:  6    Str: 16    XL:     2   Next: 6%
Magic:  2/2        EV:  8    Int:  9    God:
Gold:   0          SH:  4    Dex: 12    Spells: 1/1 levels left

rFire   . . .      SeeInvis .   a - +0 war axe
rCold   . . .      Faith    .   c - +0 buckler
rNeg    . . .      Spirit   .   b - +0 scale mail
rPois   .          Reflect  .   (no helmet)
rElec   .          Harm     .   (no cloak)
rCorr   .          Rampage  .   (no gloves)
Will    .....                   (no boots)
Stlth   ..........              (no amulet)
HPRegen 0.08/turn               (no ring)
MPRegen 0.08/turn               (no ring)

@: no status effects
A: hooves 1
a: no special abilities


You were on level 1 of the Dungeon.
You visited 1 branch of the dungeon, and saw 1 of its levels.

Inventory:

Hand Weapons
 a - a +0 war axe (weapon)
Missiles
 h - 2 javelins (quivered)
Armour
 b - a +0 scale mail (worn)
 c - a +0 buckler (worn)
Scrolls
 e - a scroll of identify {unknown}
 f - a scroll of magic mapping {unknown}
 g - a scroll of immolation {unknown}
Potions
 d - a potion of might


   Skills:
 + Level 3.1 Fighting
 + Level 1.9 Axes
 + Level 2.9 Armour
 + Level 0.1 Dodging
 + Level 2.7 Shields


You had one spell level left.
You didn't know any spells.
Your spell library contained the following spells:

 Spells                   Type           Power      Damage    Failure   Level
 Shock                    Conj/Air       0%         1d3       88%         1
 Swiftness                Air            0%         N/A       99%         3
 Airstrike                Air            0%         N/A       100%        4


Dungeon Overview and Level Annotations

Branches:
Dungeon (1/15)

Altars:


Innate Abilities, Weirdness & Mutations

You have large cloven feet.


Message History

You kill the hobgoblin!
A rat comes into view.
There are monsters nearby!
You closely miss the goblin. The goblin hits you with a +4 dagger.
You hit the goblin.
The goblin is heavily wounded.
The goblin hits you with a +4 dagger. The goblin barely misses you.
There are monsters nearby!
You closely miss the goblin. You kick the goblin, but do no damage.
The goblin is heavily wounded.
You block the goblin's attack.
A kobold comes into view. It is wielding a +0 whip.
The quokka bites you.
There are monsters nearby!
You are too injured to fight recklessly!
There are monsters nearby!
You are too injured to fight recklessly!
You are too injured to fight recklessly!
You are too injured to fight recklessly!
You are too injured to fight recklessly!
You are too injured to fight recklessly!
The quokka attacks as you move away! The quokka closely misses you.
The goblin attacks as you move away! You block the goblin's attack.
You barely miss the goblin.
The goblin is heavily wounded.
The goblin hits you but does no damage. The goblin hits you with a +4 dagger.
* * * LOW HITPOINT WARNING * * *
You closely miss the goblin.
The goblin is heavily wounded.
The goblin hits you but does no damage.
You closely miss the goblin.
The goblin is heavily wounded.
The goblin hits you with a +4 dagger.
* * * LOW HITPOINT WARNING * * *
The goblin hits you with a +4 dagger.
* * * LOW HITPOINT WARNING * * *
You closely miss the goblin. Your kick misses the goblin.
The goblin is heavily wounded.
The goblin hits you with a +4 dagger.
You die...

#.##.#.....#.####.####.
#.##.#.................
#.##.#.# .###...###. #.##...#
###...###.
.#.#####.####.###.#.#.........
.............r......#.........
..........###r###.###..)....##
..#######.###g# ###...###
#...#@# #.# ##...# #.)...#
#.####..### #...### #.#⌠....##
#..## #.#......##### #..#
##.#.._.⌠...... #..#
##........#####.
#..####....⌠...⌠......
#.....................
#.####......##########


You could see a quokka, a goblin and a rat.

Vanquished Creatures
  A dart slug (D:1)
  An endoplasm (D:1)
  A goblin (D:1)
  A hobgoblin (D:1)
  2 bats (D:1)
  A kobold (D:1)
7 creatures vanquished.

Notes
Turn   | Place    | Note
-------+----------+-------------------------------------------
     0 | D:1      | Morbidden the Demonspawn Fighter began the quest for the
                  | Orb.
     0 | D:1      | Reached XP level 1. HP: 18/18 MP: 1/1
   218 | D:1      | Found a faded altar of an unknown god.
   311 | D:1      | Gained mutation: You have large cloven feet. [demonic
                  | ancestry]
   311 | D:1      | Reached XP level 2. HP: 20/24 MP: 2/2
   380 | D:1      | Slain by a goblin

Illustrated notes

Levels and vault maps discovered:
D:1:      dpeg_arrival_renting, layout_loops_ring,
          hellmonk_ecumenical_altar_run_dry, serial_shops, nicolae_square_shop

Action                   || total
-------------------------++-------
Melee: War axe           ||    32
       Kick              ||     2
Armor: Scale mail        ||     8
Dodge: Dodged            ||    18
Block: Buckler           ||     8

Table legend: (Time is in decaauts)
 A = Elapsed time spent in this place.
 B = Non-inter-level travel time spent in this place.
 C = Inter-level travel time spent in this place.
 D = Time resting spent in this place.
 E = Time spent auto-exploring this place.
 F = Levels seen in this place.
 G = Mean time per level.
                   A        B        C        D        E       F      G
               +--------+--------+--------+--------+--------+-----+--------+
         Total |    394 |    394 |      0 |      0 |    309 |   1 |  394.0 |
       Dungeon |    394 |    394 |      0 |      0 |    309 |   1 |  394.0 |
               +--------+--------+--------+--------+--------+-----+--------+

Top non-repeatable levels by time:
     D:1: 394 daAuts
